Map: [ESL] Cosmic Sapphire

Players

Velego

  • Race: Protoss Protoss
  • League: Diamond
  • Spawn Location: 5:00

Krystianer - Winner!

  • Race: Protoss Protoss
  • Spawn Location: 11:00

Event: DreamHack SC2 Masters 2022 Valencia

VOD

Have the link to the VOD?

Description

Time

  • Played on: July 1, 2022, 10:43 a.m.
  • Length: 4:44

All games in this series

Show
View Real Time Build Order
Export as new Build Order

Velego Protoss 

Build Orders: Phoenix Opening 

Get SALT Encoding   

  12  0:00  Probe  
  13  0:12  Probe  
  14  0:17  Pylon  
  14  0:25  Probe (Chrono Boost)  
  15  0:35  Gateway  
  15  0:37  Probe (Chrono Boost)  
  16  0:46  Probe (Chrono Boost), Assimilator  
  17  0:51  Probe  
  17  0:56  Assimilator  
  18  1:03  Probe (Chrono Boost)  
  19  1:09  Gateway  
  19  1:13  Probe (Chrono Boost)  
  20  1:23  Cybernetics Core  
  21  1:25  Probe  
  21  1:36  Pylon  
  21  1:37  Probe  
  22  1:50  Probe  
  23  2:00  Stalker x2  
  27  2:02  Warp Gate, Probe  
  28  2:14  Probe  
  29  2:21  Pylon  
  29  2:23  Pylon  
  29  2:31  Sentry  
  31  2:40  Sentry  
  33  2:46  Nexus  
  32  2:52  Probe (Chrono Boost)  
  33  2:58  Twilight Council  
  33  3:04  Probe (Chrono Boost)  
  34  3:09  Phoenix, Probe (Chrono Boost)  
  34  3:10  Pylon  
  35  3:19  Probe (Chrono Boost), Shield Battery  
  36  3:28  Probe (Chrono Boost)  
  36  3:30  Shield Battery  
  36  3:33  Forge  
  37  3:37  Probe  
  38  3:49  Probe  
  39  3:57  Stalker  
  38  4:08  Stalker  
  35  4:13  Probe (Chrono Boost)  
  36  4:20  Probe (Chrono Boost)  
  38  4:25  Probe (Chrono Boost)  
  35  4:32  Probe x2 (Chrono Boost)  
Show
View Real Time Build Order
Export as new Build Order

Krystianer Protoss - Winner!

Build Orders: Oracle Opening 

Get SALT Encoding   

  12  0:00  Probe  
  13  0:12  Probe  
  14  0:17  Pylon  
  14  0:24  Probe (Chrono Boost)  
  15  0:36  Probe (Chrono Boost)  
  15  0:37  Gateway  
  16  0:43  Probe (Chrono Boost)  
  16  0:45  Assimilator  
  17  0:50  Probe  
  18  1:03  Probe (Chrono Boost)  
  19  1:04  Assimilator  
  19  1:11  Gateway  
  20  1:12  Probe (Chrono Boost)  
  20  1:17  Probe (Chrono Boost)  
  20  1:23  Cybernetics Core  
  21  1:29  Probe  
  22  1:34  Pylon  
  22  1:41  Probe  
  23  1:53  Probe  
  24  1:59  Stalker x2  
  28  2:02  Warp Gate  
  28  2:05  Probe  
  29  2:12  Pylon  
  29  2:17  Probe  
  30  2:26  Stargate  
  30  2:51  Nexus  
  30  2:53  Probe  
  31  3:05  Probe  
  31  3:06  Oracle (Chrono Boost)  
  31  3:11  Pylon  
  35  3:18  Probe  
  35  3:30  Probe  
  35  3:33  Oracle (Chrono Boost)  
  39  3:42  Probe  
  40  3:50  Adept x2  
  40  3:54  Probe  
  45  4:03  Probe (Chrono Boost)  
  45  4:09  Probe (Chrono Boost)  
  47  4:15  Probe (Chrono Boost)  
  47  4:16  Stalker x2  
  52  4:22  Probe x2 (Chrono Boost)  
  54  4:29  Probe  
  54  4:30  Probe  
  56  4:37  Twilight Council  
  52  4:39  Stalker  
  52  4:41  Stalker  

Tags
 
Add a new tag
Caveats
  • Supply blocks, unpowered buildings, or Contaminate may cause inaccurate times.
  • Supply counts are checked every 10 seconds.